 Dungeon Crawl Stone Soup version 0.28-a0-1117-g0bdd5ba030 (webtiles) character file.

Game seed: 10718460910937415168

653 SensoryNuts the Covered (level 7, -9/61 HPs)
             Began as a Minotaur Fighter on Dec 11, 2021.
             Was an Elder of Jiyva.
             Mangled by a gnoll (12 damage)
             ... on level 5 of the Dungeon.
             The game lasted 00:07:50 (3489 turns).

SensoryNuts the Covered (Minotaur Fighter)          Turns: 3489, Time: 00:07:50

Health: -9/61      AC:  7    Str: 23    XL:     7   Next: 28%
Magic:  6/6        EV:  4    Int:  5    God:    Jiyva [****..]
Gold:   166        SH:  0    Dex:  9    Spells: 6/6 levels left

rFire   . . .      SeeInvis .   j - +2 dagger (venom)
rCold   . . .      Faith    .   c - +0 buckler
rNeg    . . .      Spirit   .   m - +0 plate armour
rPois   .          Reflect  .   (helmet restricted)
rElec   .          Harm     .   (no cloak)
rCorr   +          Rampage  .   (no gloves)
Will    +....                   (no boots)
Stlth   ..........              (no amulet)
HPRegen 1.48/turn               (no ring)
MPRegen 0.50/turn               (no ring)

@: about to teleport, held
A: horns 2, retaliatory headbutt, strong-willed 1, pseudopods 1
a: Renounce Religion, Oozemancy, Slimify


You were on level 5 of the Dungeon.
You worshipped Jiyva.
Jiyva was greatly pleased with you.
You visited 1 branch of the dungeon, and saw 5 of its levels.

You collected 166 gold pieces.

Inventory:

Hand Weapons
 a - a +0 long sword
 j - a +2 dagger of venom (weapon)
 p - a +0 giant club
Armour
 b - a +0 scale mail
 c - a +0 buckler (worn)
 h - a +0 chain mail
 m - a +0 plate armour (worn)
Wands
 l - a wand of flame (28)
Scrolls
 i - a scroll of teleportation
 k - a scroll of identify
Potions
 d - a potion of might
 g - a potion of mutation
 n - a potion of degeneration {unknown}
 o - a potion of ambrosia {unknown}


   Skills:
 + Level 5.2 Fighting
 + Level 3.8(4.3) Short Blades
 + Level 3.0(4.1) Long Blades
 + Level 6.5 Armour
 + Level 1.3 Dodging
 + Level 1.0 Stealth
 + Level 5.4 Shields


You had 6 spell levels left.
You didn't know any spells.
Your spell library contained the following spells:

 Spells                   Type           Power      Damage    Failure   Level
 Summon Small Mammal      Summ           0%         N/A       100%        1
 Call Canine Familiar     Summ           0%         N/A       100%        3
 Summon Guardian Golem    Hex/Summ       0%         N/A       100%        3
 Dispersal                Tloc           0%         N/A       100%        6
 Disjunction              Tloc           0%         N/A       100%        8


Dungeon Overview and Level Annotations

Branches:
Dungeon (5/15)
 Temple: D:4-7

Altars:
Jiyva


Innate Abilities, Weirdness & Mutations

You have a pair of horns on your head.
You reflexively headbutt those who attack you in melee.
You are strong-willed. (Will+)
Armour fits poorly on your pseudopods.


Message History

The gnoll barely misses you. The gnoll hits you but does no damage.
The gnoll hits you but does no damage.
The gnoll hits you from afar with a +1 halberd of flaming.
The gnoll burns you. The gnoll hits you but does no damage.
The gnoll hits you from afar with a +1 halberd of flaming!
The gnoll burns you. The gnoll hits you but does no damage.
The gnoll barely misses you.
You feel much better. The gnoll barely misses you.
The gnoll hits you from afar with a +1 halberd of flaming.
The gnoll burns you.
The gnoll hits you from afar with a +0 spear!
The gnoll hits you from afar with a +1 halberd of flaming.
The gnoll burns you.
The gnoll hits you from afar with a +0 spear.
The gnoll hits you from afar with a +1 halberd of flaming.
The gnoll burns you.
You struggle against the net.
The gnoll hits you but does no damage.
The gnoll hits you from afar with a +1 halberd of flaming.
The gnoll burns you.
It was a potion of curing.
You feel better. The gnoll hits you but does no damage.
The gnoll hits you from afar with a +1 halberd of flaming.
The gnoll burns you.
It was a potion of mutation.
You feel extremely strange.
Your pseudopods become smaller. x2
You no longer feel a hidden potential within.
You feel strong-willed.
The gnoll hits you from afar with a +0 spear.
* * * LOW HITPOINT WARNING * * *
The gnoll hits you from afar with a +1 halberd of flaming!
* * * LOW HITPOINT WARNING * * *
The gnoll burns you.
* * * LOW HITPOINT WARNING * * *
As you read the scroll of teleportation, it crumbles to dust.
You feel strangely unstable.
The gnoll hits you from afar with a +0 spear.
* * * LOW HITPOINT WARNING * * *
The gnoll hits you from afar with a +1 halberd of flaming!
You die...

.. #. .... #..
..... #.> ......
#..# ......
####..### ......
#....(.@##......
..#####)#....#
#gg....#
##.....##.
#<.......
#........
.......#.
.##.....# ..
.....#


You could see 2 gnolls.

Vanquished Creatures
  Grinder (D:3)
  An ogre (D:4)
  A phantom (D:4)
  A bullfrog (D:4)
  A bullfrog skeleton (D:4)
  Ijyb (D:3)
  Terence (D:2)
  2 hound skeletons (D:4)
  Robin (D:3)
  3 gnolls
  5 adders
  A worm (D:2)
  3 dart slugs
  2 orcs (D:3)
  A giant cockroach (D:4)
  10 goblins
  10 hobgoblins
  A jackal (D:3)
  3 quokkas
  8 ball pythons
  3 bats
  3 frilled lizards (D:1)
  6 kobolds
  5 rats
74 creatures vanquished.

Vanquished Creatures (others)
  A jelly (D:4)
  5 endoplasms
  A giant cockroach (D:3)
  A goblin (D:4)
  A ball python (D:4)
  A frilled lizard (D:3)
  A rat (D:2)
  A fungus (D:1)
  2 plants (D:1)
14 creatures vanquished.

Grand Total: 88 creatures vanquished

Notes
Turn   | Place    | Note
-------+----------+-------------------------------------------
     0 | D:1      | SensoryNuts the Minotaur Fighter began the quest for the
                  | Orb.
     0 | D:1      | Reached XP level 1. HP: 19/19 MP: 0/0
   319 | D:1      | Reached XP level 2. HP: 27/27 MP: 1/1
   512 | D:1      | Reached skill level 4 in Armour
   625 | D:1      | Found a faded altar of an unknown god.
   859 | D:1      | Prayed at the altar of an unknown god.
   859 | D:1      | Became a worshipper of Jiyva Jiryx the Shapeless
   859 | D:1      | Reached * piety under Jiyva
   972 | D:2      | Noticed Terence
   983 | D:2      | Killed Terence
   984 | D:2      | Reached XP level 3. HP: 33/33 MP: 2/2
  1315 | D:2      | Reached ** piety under Jiyva
  1534 | D:3      | Reached XP level 4. HP: 40/40 MP: 3/3
  1564 | D:3      | Found a glowing drain.
  1607 | D:3      | Noticed Robin
  1619 | D:3      | Killed Robin
  1620 | D:3      | Reached skill level 5 in Armour
  1705 | D:3      | Noticed Grinder
  1731 | D:3      | Killed Grinder
  1732 | D:3      | Reached skill level 5 in Shields
  1732 | D:3      | Reached XP level 5. HP: 38/47 MP: 4/4
  1732 | D:3      | Reached XP level 6. HP: 43/53 MP: 5/5
  1767 | D:3      | Noticed Ijyb
  1799 | D:3      | Killed Ijyb
  2057 | D:3      | Reached *** piety under Jiyva
  2156 | D:4      | Reached skill level 6 in Armour
  2156 | D:4      | Reached skill level 1 in Dodging
  2306 | D:4      | Gained mutation: Armour fits poorly on your pseudopods.
                  | [Jiyva's grace]
  2306 | D:4      | Gained mutation: Armour fits poorly on your large
                  | pseudopods. [Jiyva's grace]
  2306 | D:4      | Gained mutation: Armour fits poorly on your massive
                  | pseudopods. [Jiyva's grace]
  2306 | D:4      | Gained mutation: You have hidden genetic potential.
                  | [Jiyva's grace]
  2382 | D:4      | Reached skill level 5 in Fighting
  2539 | D:4      | Reached **** piety under Jiyva
  2578 | D:4      | Reached XP level 7. HP: 61/61 MP: 6/6
  3467 | D:5      | Entered Level 5 of the Dungeon
  3478 | D:5      | Reached skill level 1 in Stealth
  3488 | D:5      | Lost mutation: Armour fits poorly on your massive
                  | pseudopods. [potion of mutation]
  3488 | D:5      | Lost mutation: Armour fits poorly on your large pseudopods.
                  | [potion of mutation]
  3488 | D:5      | Lost mutation: You have hidden genetic potential. [potion
                  | of mutation]
  3488 | D:5      | Gained mutation: You are strong-willed. (Will+) [potion of
                  | mutation]
  3488 | D:5      | HP: 2/61 [gnoll (3)]
  3489 | D:5      | Mangled by a gnoll

Illustrated notes

Levels and vault maps discovered:
D:1:      dpeg_arrival_rooms_b, layout_basic,
          shapermc_ecumenical_altar_mp_urbaneastern, grunt_decor_clamped
D:2:      layout_rooms, uniq_terence
D:3:      layout_loops_ring, cheibrodos_sewer_entry_drain, minmay_ruptured,
          uniq_ijyb, uniq_grinder, uniq_robin
D:4:      layout_layer_cave, nicolae_concentric_dashed_squares_wild
D:5:      layout_rooms, nicolae_dithmenos_through_a_glass_darkly,
          minmay_temple_entry_trees, kennysheep_potato

Skill      XL: |  1  2  3  4  5  6  7 |
---------------+----------------------+-----
Shields        | 4 5 |  5.4
Armour         | 4 5 6 |  6.5
Fighting       | 4 5 |  5.2
Long Blades    | 3 |  3.0
Short Blades   | 2 3 |  3.8
Dodging        | 1 |  1.3
Stealth        | 1 |  1.0

Action                   |  1- 3 |  4- 6 |  7- 9 || total
-------------------------+-------+-------+-------++-------
Melee: Long sword        |    16 |       |       ||    16
       Dagger            |    52 |   121 |    14 ||   187
       Headbutt          |    12 |    30 |     3 ||    45
       Pseudopods        |       |     3 |     3 ||     6
  Use: Scroll            |     2 |     1 |     1 ||     4
       Potion            |     1 |       |     4 ||     5
Armor: Scale mail        |     9 |       |       ||     9
       Chain mail        |     5 |    36 |       ||    41
       Plate armour      |       |    32 |     8 ||    40
       Skin              |       |    11 |       ||    11
Dodge: Dodged            |    28 |    41 |     8 ||    77
Block: Buckler           |     8 |    36 |       ||    44

Table legend: (Time is in decaauts)
 A = Elapsed time spent in this place.
 B = Non-inter-level travel time spent in this place.
 C = Inter-level travel time spent in this place.
 D = Time resting spent in this place.
 E = Time spent auto-exploring this place.
 F = Levels seen in this place.
 G = Mean time per level.
                   A        B        C        D        E       F      G
               +--------+--------+--------+--------+--------+-----+--------+
         Total |   3472 |   3472 |      0 |      0 |   2598 |   5 |  694.4 |
       Dungeon |   3472 |   3472 |      0 |      0 |   2598 |   5 |  694.4 |
               +--------+--------+--------+--------+--------+-----+--------+

Top non-repeatable levels by time:
     D:4: 1338 daAuts
     D:1: 925 daAuts
     D:3: 642 daAuts
     D:2: 546 daAuts
     D:5: 20 daAuts
